 Dungeon Crawl Stone Soup version 0.25-a0-697-g890751e (webtiles) character file.

Game seed: 2027985532308074701, levelgen mode: deterministic

423 Faca the Skirmisher (level 7, -7/57 HPs)
             Began as a Human Fighter on Apr 1, 2020.
             Killed by divine providence
             ... invoked by an orc priest
              (9 damage)
             ... on level 4 of the Dungeon.
             The game lasted 00:06:43 (3419 turns).

Faca the Skirmisher (Human Fighter)                 Turns: 3419, Time: 00:06:44

Health: -7/57      AC:  9    Str: 18    XL:     7   Next: 17%
Magic:  7/7        EV:  4    Int:  9    God:
Gold:   127        SH:  9    Dex: 12    Spells: 6/6 levels left

rFire    . . .     SeeInvis .   a - +1 flail
rCold    . . .     Gourm    .   c - +0 kite shield
rNeg     . . .     Faith    .   i - +0 chain mail
rPois    .         Spirit   .   (no helmet)
rElec    .         Reflect  .   (no cloak)
rCorr    .         Harm     .   (no gloves)
MR       .....                  (no boots)
Stlth    ..........             (no amulet)
HPRegen  0.19/turn              (no ring)
MPRegen  0.10/turn              (no ring)

@: slowed, very slow
A: no striking features
a: no special abilities


You were on level 4 of the Dungeon.
You were not hungry.

You visited 1 branch of the dungeon, and saw 4 of its levels.

You collected 127 gold pieces.

Inventory:

Hand Weapons
 a - a +1 flail (weapon)
Missiles
 k - 5 javelins (quivered)
Armour
 c - a +0 kite shield (worn)
 i - a +0 chain mail (worn)
Potions
 b - 2 potions of flight
 d - 3 potions of might
 g - a potion of cancellation {unknown}
 j - 2 potions of haste
 l - a potion of degeneration {unknown}
Comestibles
 f - 8 rations
 h - 5 chunks of flesh


   Skills:
 + Level 5.7 Fighting
 + Level 5.2 Maces & Flails
 - Level 3.0 Armour
 - Level 3.0 Shields


You had 6 spell levels left.
You didn't know any spells.
Your spell library was empty.

Dungeon Overview and Level Annotations

Branches:
Dungeon (4/15)
 Temple: D:4-7

Altars:
Cheibriados
Sif Muna

Annotations:
D:3 3 runed translucent doors, nicknak712's ghost, amateur MiFi


Message History

You block the orc priest's attack.
You hit the orc priest.
The orc priest is moderately wounded.
The orc wizard points at you and mumbles some strange words.
You feel yourself slow down.
The orc priest hits you but does no damage.
You aren't carrying any scrolls.
You hit the orc priest.
The orc priest is severely wounded.
The orc wizard casts a spell.
The orc wizard seems to speed up.
The orc priest hits you but does no damage.
The orc priest invokes the aid of Beogh against you.
Beogh smites you!
* * * LOW HITPOINT WARNING * * *
You closely miss the orc priest.
The orc priest is severely wounded.
The orc priest mumbles some strange prayers to Beogh against you.
Beogh smites you!
You die...

.........####.#.....##
.........##...##.....#.
............○.#.....#..
............(...........
..........o...oo....# ..
......#.oO....#.....#...
......#.#####.#.O.......
..#...... ##)#.........
#........###..#.@o###..
........#.##..o..# .
......O......o.Z.....
.......#.....o>.....
$o..#####.....o..... .o#
#........... .
............
............. ..#....


You could see an ogre, 2 orc priests, an orc wizard, 4 orcs and an adder
skeleton.

Vanquished Creatures
  An ogre (D:4)
  A bullfrog (D:3)
  A scorpion (D:4)
  An orc wizard (D:3)
  10 adders
  An ooze (D:2)
  5 worms
  4 dart slugs
  2 leopard geckos
  9 orcs
  3 giant cockroaches
  7 goblins
  6 hobgoblins
  6 jackals (D:3)
  8 kobolds
  3 quokkas
  3 ball pythons
  5 bats
  5 frilled lizards
  8 rats
89 creatures vanquished.

Notes
Turn   | Place    | Note
-------+----------+-------------------------------------------
     0 | D:1      | Faca the Human Fighter began the quest for the Orb.
     0 | D:1      | Reached XP level 1. HP: 18/18 MP: 1/1
    85 | D:1      | Reached XP level 2. HP: 20/24 MP: 2/2
   504 | D:1      | Reached XP level 3. HP: 28/29 MP: 3/3
  1104 | D:2      | Reached XP level 4. HP: 18/37 MP: 4/4
  1570 | D:2      | Reached XP level 5. HP: 36/43 MP: 5/5
  2271 | D:3      | Found a shimmering blue altar of Sif Muna,
  2414 | D:3      | Reached XP level 6. HP: 47/50 MP: 6/6
  2521 | D:3      | Reached skill level 5 in Fighting
  2622 | D:3      | Found a runed translucent gate,
  2623 | D:3      | Found a runed translucent gate,
  2625 | D:3      | Found a runed translucent gate,
  2627 | D:3      | Noticed nicknak712's ghost (amateur MiFi)
  3106 | D:4      | Found a snail-covered altar of Cheibriados,
  3381 | D:4      | Noticed an ogre
  3393 | D:4      | Killed an ogre
  3393 | D:4      | Reached skill level 5 in Maces & Flails
  3393 | D:4      | Reached XP level 7. HP: 28/57 MP: 7/7
  3418 | D:4      | HP: 1/57 [orc priest/divine providence (12)]
  3419 | D:4      | Killed from afar by an orc priest

Levels and vault maps discovered:
D:1:      minmay_arrival_loop, layout_loops_cross
D:2:      layout_loops_ring
D:3:      layout_basic, gammafunk_ghost_necromancy, tgw_sif
D:4:      layout_cave_pools, kennysheep_slug_shrine, minmay_bisected

Skill      XL: |  1  2  3  4  5  6 |
---------------+-------------------+-----
Maces & Flails | 3 4 5 |  5.2
Fighting       | 4 5 |  5.7
Armour         | |  3.0
Shields        | |  3.0

Action                   |  1- 3 |  4- 6 |  7- 9 || total
-------------------------+-------+-------+-------++-------
Melee: Flail             |   127 |   222 |    11 ||   360
  Use: Scroll            |     3 |     8 |       ||    11
       Potion            |     2 |       |       ||     2
  Eat: Chunk             |     1 |     8 |       ||     9
Armor: Scale mail        |    64 |    20 |       ||    84
       Chain mail        |       |    96 |     4 ||   100
Dodge: Dodged            |    40 |    39 |       ||    79
Block: Kite shield       |    79 |   117 |     6 ||   202

Table legend:
 A = Non-vault XP
 B = Vault XP
 C = Vault XP percentage of total XP
 D = Non-vault monster count
 E = Vault monster count
 F = Vault count percentage of total count
                 A         B        C        D         E       F
            +---------+---------+-------+---------+---------+-------
      Total |     561 |      44 |   7.3 |      87 |       2 |   2.2
            +---------+---------+-------+---------+---------+-------
        D:1 |      50 |       0 |   0.0 |      26 |       0 |   0.0
        D:2 |     122 |       0 |   0.0 |      25 |       0 |   0.0
        D:3 |     178 |      40 |  18.3 |      27 |       1 |   3.6
        D:4 |     211 |       4 |   1.9 |       9 |       1 |  10.0
            +---------+---------+-------+---------+---------+-------
